 Dungeon Crawl Stone Soup version 0.21.1-1-g345015fe64 (webtiles) character file.

72 Norrik the Slasher (level 4, -8/41 HPs)
             Began as a Minotaur Monk on Apr 23, 2018.
             Was a Believer of Okawaru.
             Killed by divine providence
             ... invoked by an orc priest
              (13 damage)
             ... on level 3 of the Dungeon.
             The game lasted 00:03:05 (1278 turns).

Norrik the Slasher (Minotaur Monk)                  Turns: 1278, Time: 00:03:05

Health: -8/41      AC: 11    Str: 17    XL:     4   Next: 7%
Magic:  1/3        EV: 10    Int:  7    God:    Okawaru [**....]
Gold:   60         SH:  0    Dex: 12    Spells: 3/3 levels left

rFire    . . .     SeeInvis .   a - +0 falchion
rCold    . . .     Gourm    .   (no shield)
rNeg     . . .     Faith    .   o - +0 chain mail
rPois    .         Spirit   .   (helmet restricted)
rElec    .         Reflect  .   k - +0 cloak
rCorr    .         Harm     .   (no gloves)
MR       .....                  (no boots)
Stlth    ..........             (no amulet)
HPRegen  0.13/turn              (no ring)
MPRegen  0.08/turn              (no ring)

@: heroism
A: retaliatory headbutt, horns 2
a: Heroism, Renounce Religion


You were on level 3 of the Dungeon.
You worshipped Okawaru.
Okawaru was pleased with you.
You were not hungry.

You visited 1 branch of the dungeon, and saw 3 of its levels.

You collected 60 gold pieces.

Inventory:

Hand Weapons
 a - a +0 falchion (weapon)
Armour
 b - a +0 robe
 k - a +0 cloak (worn)
 l - a +0 ring mail
 o - a +0 chain mail (worn)
Jewellery
 d - an uncursed amulet of faith {unknown}
Wands
 m - a wand of flame (17)
Scrolls
 e - 4 scrolls of remove curse {unknown}
 f - a scroll of random uselessness {unknown}
 g - 2 scrolls of identify {unknown}
 h - a scroll of fog {unknown}
 i - a scroll of magic mapping {unknown}
Potions
 j - a potion of heal wounds {unknown}
 n - a potion of berserk rage {unknown}
 p - 2 potions of haste {unknown}
 q - 2 potions of lignification {unknown}
Books
 r - Kikubaaqudgha's Disquisition on Evil Arts
   (You found it on level 2 of the Dungeon)

   Spells                             Type                      Level
   a - Pain                           Necromancy                   1
Comestibles
 c - 7 rations


   Skills:
 + Level 4.3(9.3) Fighting
 * Level 5.0(10.0) Long Blades
 + Level 2.0(7.0) Armour
 - Level 3.2(8.2) Dodging
 - Level 1.5(6.5) Stealth


You had 3 spell levels left.
You didn't know any spells.

Dungeon Overview and Level Annotations

Branches:
Dungeon (3/15)

Altars:
Elyvilon
Kikubaaqudgha
Nemelex Xobeh
Okawaru
Sif Muna
Vehumet


Innate Abilities, Weirdness & Mutations

You reflexively headbutt those who attack you in melee.
You have a pair of horns on your head.


Message History

Okawaru accepts your kill.
Your base Long Blades skill increases to level 5!
You hit the hobgoblin.
You kill the hobgoblin!
Okawaru accepts your kill.
The orc priest invokes the aid of Beogh against you.
Beogh smites you!
You barely miss the frilled lizard. The frilled lizard misses you.
You hit the frilled lizard.
You kill the frilled lizard!
Okawaru accepts your kill.
The orc priest invokes the aid of Beogh against you.
Beogh smites you!
* * * LOW HITPOINT WARNING * * *
Items here: ))) [ †† You hit the orc priest.
You headbutt the orc priest!
The orc priest is almost dead.
The orc priest mumbles some strange prayers to Beogh against you.
Beogh smites you!
You die...

#..#.###.###########
###.....##.#
#..........#
#.......##########
#................[
###.....##########
#.....# ##.#..#####
#.#..†@oo########.
#.##.###S..[....<.
#. #.#....).......
#.#.##########. #.#(
#.# #.. #.


You could see an orc priest, an adder and an orc.

Vanquished Creatures
  3 adders
  A worm (D:2)
  A leopard gecko (D:3)
  3 orcs (D:3)
  4 bats
  5 goblins
  4 hobgoblins
  8 kobolds
  A ball python (D:1)
  4 frilled lizards
  4 rats
38 creatures vanquished.

Notes
Turn   | Place    | Note
-------+----------+-------------------------------------------
     0 | D:1      | Norrik the Minotaur Monk began the quest for the Orb.
     0 | D:1      | Reached XP level 1. HP: 19/19 MP: 0/0
   203 | D:1      | Reached skill level 4 in Long Blades
   212 | D:1      | Reached XP level 2. HP: 27/27 MP: 1/1
   334 | D:1      | Reached skill level 1 in Armour
   572 | D:2      | Reached XP level 3. HP: 33/33 MP: 2/2
   576 | D:2      | Found a sparkling altar of Nemelex Xobeh.
   601 | D:2      | Found a white marble altar of Elyvilon.
   978 | D:2      | Found a deep blue altar of Sif Muna.
   979 | D:2      | Found an ancient bone altar of Kikubaaqudgha.
   979 | D:2      | Found a radiant altar of Vehumet.
   981 | D:2      | Identified Kikubaaqudgha's Disquisition on Evil Arts
  1224 | D:3      | Found an iron altar of Okawaru.
  1232 | D:3      | Became a worshipper of Warmaster Okawaru
  1232 | D:3      | Reached * piety under Okawaru
  1232 | D:3      | Reached ** piety under Okawaru
  1271 | D:3      | Reached XP level 4. HP: 24/40 MP: 3/3
  1273 | D:3      | Reached skill level 5 in Long Blades
  1278 | D:3      | Killed from afar by an orc priest

Skill      XL: |  1  2  3  4 |
---------------+-------------+-----
Long Blades    | 4 5 |  5.0
Armour         | 1 2 |  2.0
Fighting       | 4 |  4.3
Dodging        | |  3.2
Stealth        | |  1.5

Action                   |  1- 3 |  4- 6 || total
-------------------------+-------+-------++-------
Melee: Falchion          |    65 |     5 ||    70
       Headbutt          |     8 |     1 ||     9
Invok: Heroism           |       |     1 ||     1
 Stab: Sleeping          |     3 |       ||     3
  Eat: Chunk             |     1 |       ||     1
Armor: Robe              |     1 |       ||     1
       Ring mail         |     5 |       ||     5
       Chain mail        |    13 |     1 ||    14
Dodge: Dodged            |    46 |     1 ||    47
       Rpst.: Falchion   |    15 |       ||    15
